 Dungeon Crawl Stone Soup version 0.30-b1-2-g02819fbbbe (webtiles) character file.

Game seed: 3749746636427504964

371 Ashen the Ogre Mage (level 6, -2/59 HPs)
             Began as an Ogre Air Elementalist on Jan 16, 2024.
             Succumbed to a scorpion's poison
             ... on level 4 of the Dungeon.
             The game lasted 00:09:19 (4619 turns).

Ashen the Ogre Mage (Ogre Air Elementalist)         Turns: 4619, Time: 00:09:20

Health: -2/59      AC:  3    Str: 13    XL:     6   Next: 70%
Magic:  8/12       EV: 10    Int: 18    God:
Gold:   164        SH:  0    Dex:  9    Spells: 4/14 levels left

rFire   . . .        s - +0 flail
rCold   . . .        (no shield)
rNeg    . . .        a - +0 robe
rPois   .            (helmet restricted)
rElec   .            (no cloak)
rCorr   .            (gloves unavailable)
SInv    .            (boots unavailable)
Will    .....        (no amulet)
Stlth   ++           l - ring of wizardry
HPRegen 0.29/turn    (no ring)
MPRegen 0.13/turn

%: wizardry (x1)
@: lethally poisoned (-2 -> -11)
A: large, unfitting armour, tough skin 1
a: no special abilities


You were on level 4 of the Dungeon.
You visited 1 branch of the dungeon, and saw 4 of its levels.

You collected 164 gold pieces.

Inventory:

Hand Weapons
 r - the +7 quarterstaff "Onuseg" {distort, Drain rElec rF+++ Will+}
   (You found it on level 3 of the Dungeon)

   rF:        It renders you almost immune to fire.
   rElec:     It insulates you from electricity.
   Drain:     It drains your maximum health when unequipped.
   Will:      It increases your willpower.
 s - a +0 flail (weapon)
Missiles
 c - a throwing net
Armour
 a - a +0 robe (worn)
Jewellery
 l - a ring of wizardry (left hand)
 w - a +6 ring of strength
Wands
 u - a wand of polymorph (4)
Scrolls
 e - 3 scrolls of teleportation {unknown}
 f - a scroll of identify
 g - a scroll of amnesia {unknown}
 n - a scroll of magic mapping {unknown}
 o - a scroll of noise {unknown}
 p - a scroll of enchant weapon {unknown}
 q - a scroll of acquirement {unknown}
 y - a scroll of vulnerability {unknown}
Potions
 b - a potion of magic
 d - 2 potions of might
 h - 2 potions of attraction
 i - a potion of cancellation {unknown}
 j - a potion of brilliance {unknown}
 k - 2 potions of ambrosia
 m - a potion of curing {unknown}
 t - a potion of heal wounds {unknown}
 x - a potion of mutation {unknown}


   Skills:
 + Level 2.7 Fighting
 + Level 1.0 Maces & Flails
 + Level 2.8 Dodging
 + Level 2.3 Stealth
 * Level 4.6 Spellcasting
 + Level 2.1 Conjurations
 + Level 3.4 Air Magic


You had 4 spell levels left.
You knew the following spells:

 Your Spells              Type           Power      Damage    Failure   Level
a - Shock                 Conj/Air       56%        1d6       1%          1
b - Static Discharge      Conj/Air       28%        2-4/arc   2%          2
c - Swiftness             Air            16%        N/A       4%          3
d - Airstrike             Air            8%         2d(2-18)  13%         4

Your spell library contained the following spells:

 Spells                   Type           Power      Damage    Failure   Level
 Sandblast                Erth           8%         2d5       6%          1
 Ensorcelled Hibernation  Hex/Ice        8%         N/A       9%          2
 Passwall                 Tmut/Erth      3%         N/A       9%          2
 Stone Arrow              Conj/Erth      16%        3d8       11%         3


Dungeon Overview and Level Annotations

Branches:
Dungeon (4/15)
 Temple: D:4-7

Altars:
Dithmenos
Kikubaaqudgha
Uskayaw
Zin

Annotations:
D:4 Edmund, Pikel


Innate Abilities, Weirdness & Mutations

You are too large for most types of armour.
You have tough skin. (AC +1)


Message History

Confirm with . or Enter, or press ? or * to list all spells.
Aiming: Shock (safe; 1% risk of failure)
Press: ? - help, Shift-Dir - straight line, f/p - scorpion
Aim: a scorpion (almost dead, 68% to hit)
The zap hits the scorpion but does no damage.
The scorpion is almost dead.
You feel very sick. The scorpion closely misses you.
Casting: Shock (safe; 1% risk of failure)
Confirm with . or Enter, or press ? or * to list all spells.
Aiming: Shock (safe; 1% risk of failure)
Press: ? - help, Shift-Dir - straight line, f/p - scorpion
Aim: a scorpion (almost dead, 68% to hit)
The zap hits the scorpion.
The scorpion is almost dead.
You feel very sick. The scorpion stings you.
* * * LOW HITPOINT WARNING * * *
The scorpion stings you.
* * * LOW HITPOINT WARNING * * *
You are more poisoned.
The scorpion poisons you!
Casting: Shock (safe; 1% risk of failure)
Confirm with . or Enter, or press ? or * to list all spells.
Aiming: Shock (safe; 1% risk of failure)
Press: ? - help, Shift-Dir - straight line, f/p - scorpion
Aim: a scorpion (almost dead, 68% to hit)
The zap hits the scorpion.
You kill the scorpion!
* * * LOW HITPOINT WARNING * * *
You feel very sick.
Your Maces & Flails skill increases to level 1!
Okay, then.
As you read the scroll of identify, it crumbles to dust.
h - 2 potions of attraction
* * * LOW HITPOINT WARNING * * *
You feel very sick.
As you read the scroll of identify, it crumbles to dust.
k - 2 potions of ambrosia You die...

##.###. ##...##. #
#.##.....#. ..
#.)........ ..
####....†## #.
##...... #.####
####### #..[# #@# ##
#†# ##.##.# #.....#
##
...###..#############
#. #..............#
#< #.########.###.#
#. #......# #.# #.#
#. #.....##. #.# #.#
#.


There were no monsters in sight!

Vanquished Creatures
  A lemure (D:3)
  2 scorpions (D:4)
  A hound (D:3)
  Ijyb (D:3)
  Jessica (D:3)
  Natasha (D:1)
  An iguana (D:3)
  A sleepcap (D:3)
  2 adders
  2 worms (D:3)
  3 dart slugs
  2 orcs (D:3)
  6 endoplasms
  8 goblins
  8 hobgoblins
  3 jackals
  4 quokkas
  3 ball pythons
  5 bats
  3 frilled lizards
  7 kobolds
  6 rats
71 creatures vanquished.

Vanquished Creatures (others)
  A human (D:3)
1 creature vanquished.

Grand Total: 72 creatures vanquished

Notes
Turn   | Place    | Note
-------+----------+-------------------------------------------
     0 | D:1      | Ashen the Ogre Air Elementalist began the quest for the
                  | Orb.
     0 | D:1      | Reached XP level 1. HP: 16/16 MP: 3/3
    79 | D:1      | Reached skill level 1 in Conjurations
   233 | D:1      | Reached XP level 2. HP: 19/24 MP: 0/5
   236 | D:1      | Learned a level 2 spell: Static Discharge
   865 | D:1      | Reached skill level 3 in Spellcasting
  1031 | D:1      | Reached XP level 3. HP: 32/32 MP: 2/7
  1332 | D:2      | Noticed Natasha
  1432 | D:1      | Learned a level 3 spell: Swiftness
  1444 | D:1      | Killed Natasha
  1445 | D:1      | Reached skill level 1 in Fighting
  1635 | D:2      | Reached XP level 4. HP: 41/41 MP: 5/9
  2483 | D:3      | Found a hide-covered altar of Uskayaw.
  2630 | D:3      | Identified the +7 quarterstaff "Onuseg" {distort, Drain
                  | rElec rF+++ Will+}
  2894 | D:3      | Noticed Ijyb
  2896 | D:3      | Noticed Jessica
  2906 | D:3      | Killed Ijyb
  2907 | D:3      | Reached XP level 5. HP: 46/49 MP: 5/10
  2909 | D:3      | Killed Jessica
  2910 | D:3      | Reached skill level 4 in Spellcasting
  3595 | D:3      | Found a glowing silver altar of Zin.
  3695 | D:3      | Found an ancient bone altar of Kikubaaqudgha.
  3698 | D:3      | Noticed a human
  3699 | D:3      | Killed a human
  3818 | D:4      | Noticed Pikel
  3818 | D:4      | Noticed a lemure
  3820 | D:4      | Noticed a lemure
  3820 | D:4      | Noticed a lemure
  3821 | D:4      | Noticed Edmund
  3821 | D:4      | Noticed a lemure
  3890 | D:3      | Learned a level 4 spell: Airstrike
  4000 | D:4      | Reached XP level 6. HP: 57/57 MP: 6/12
  4116 | D:4      | Found a shadowy altar of Dithmenos.
  4618 | D:4      | Reached skill level 1 in Maces & Flails
  4618 | D:4      | HP: 1/59 [poisoned by a scorpion]
  4619 | D:4      | Succumbed to a scorpion's poison

Illustrated notes

Levels and vault maps discovered:
D:1:      sevenhm_arrival_forest_fort_small_6, layout_basic
D:2:      layout_rooms, dk_vineyard_1, minmay_misc_feat_roman, uniq_natasha
D:3:      layout_basic, mainiacjoe_overflow_swirl, tgw_kikubaaqudgha,
          kennysheep_generic_room_14, uniq_jessica, uniq_ijyb
D:4:      layout_loops_ring, grunt_dithmenos_smoke, lemuel_crystal_altar,
          nicolae_ru_great_annihilating_truth, uniq_edmund, uniq_pikel

Skill      XL: |  1  2  3  4  5  6 |
---------------+-------------------+-----
Conjurations   | 1 2 |  2.1
Dodging        | 2 |  2.8
Spellcasting   | 3 4 |  4.6
Fighting       | 1 2 |  2.7
Air Magic      | 3 |  3.4
Stealth        | 2 |  2.3
Maces & Flails | 1 |  1.0

Action                     |  1- 3 |  4- 6 || total
---------------------------+-------+-------++-------
  Melee: Unarmed           |    24 |    15 ||    39
         Punch             |     1 |     1 ||     2
         Flail             |       |    29 ||    29
   Cast: Shock             |    68 |   110 ||   178
         Static Discharge  |     2 |     8 ||    10
         Swiftness         |       |     1 ||     1
    Use: Scroll            |     1 |     2 ||     3
         Potion            |     1 |       ||     1
   Stab: Confused          |       |     1 ||     1
 Armour: Robe              |     9 |    18 ||    27
         Skin              |       |     5 ||     5
  Dodge: Dodged            |    16 |    52 ||    68
